AoeStats
← [Massa] Edo

Socotra

504667150Analyzed
2v2 RM · 26d ago on Sep 6, 2026· 29m 45s· 4 players
Game mode
Random Map
Map size
Tiny (2 player)
Population
200
Speed
Normal
Resources
Standard
Victory
Conquest
Starting age
Dark Age
Ending age
Imperial Age
RankedLock teamsTeams togetherTeam positionsShared explorationLock speedFull tech treeHidden civsTurbo modeCheats
Victory
Defeat
🇯🇵 Maya · Japan
1393
+18
🇮🇶 Khmer · Iraq
1385
+18
🇧🇷 Maya · Brazil
1455
-19
🇧🇷 Tatars · Brazil
1408
-17
ken4403
0:27 Loom
9:16 Feudal Age
18:40 Fletching
25:08 Castle Age
23:21 Horse Collar
23:41 Double-Bit Axe
24:12 Gold Mining
25:14 Crossbowman
25:54 Bodkin Arrow
26:26 Bow Saw
29:13 Town Watch
Food, please
7:35 Loom
10:38 Feudal Age
13:26 Bloodlines
13:30 Forging
13:26 Scale Barding Armor
22:48 Castle Age
21:23 Horse Collar
21:30 Double-Bit Axe
23:31 Husbandry
22:54 Light Cavalry
24:47 Iron Casting
24:33 Chain Barding Armor
25:00 Bow Saw
[Massa] Edo
0:26 Loom
8:41 Feudal Age
13:23 Double-Bit Axe
16:15 Fletching
17:05 Padded Archer Armor
26:46 Castle Age
25:06 Gold Mining
25:44 Horse Collar
26:47 Crossbowman
27:24 Bodkin Arrow
28:01 Leather Archer Armor
29:20 Ballistics
tg
1:36 Loom
12:30 Feudal Age
19:14 Double-Bit Axe
27:06 Castle Age
26:33 Fletching
28:39 Guard Tower
Connection lost

Rejoining the realm…

Still unreachable

The connection could not be restored.

Session expired

The server has moved on; the page needs a fresh start.